 Dungeon Crawl Stone Soup version 0.30-a0-118-ga018f8e90f (webtiles) character file.

Game seed: 7497510020859208604

5931 IdlyInterested the Covert (level 10, -4/61 (67) HPs)
             Began as a Demonspawn Gladiator on Sept 13, 2022.
             Was an Elder of Okawaru.
             Slain by a wyvern (13 damage)
             ... on level 8 of the Dungeon.
             The game lasted 00:34:57 (11174 turns).

IdlyInterested the Covert (Demonspawn Gladiator)   Turns: 11174, Time: 00:34:58

HP:   -4/61 (67)    AC: 15    Str: 14    XL:     10   Next: 54%
MP:   13/13         EV:  0    Int: 10    God:    Okawaru [****..]
Gold: 107           SH:  0    Dex: 21    Spells: 9/9 levels left

rFire   + + .      SeeInvis .    k - +2 rapier (venom)
rCold   + . .      Faith    +    (no shield)
rNeg    . . .      Spirit   .    j - +7 gold dragon scales
rPois   +          Reflect  .    Q - +0 hat of Uskayaw's Reproof {rCorr Dex+2}
rElec   .          Harm     .    (no cloak)
rCorr   +          Rampage  .    (no gloves)
Will    +....                    P - +0 pair of boots
Stlth   ..........               m - amulet of faith
HPRegen 0.20/turn                i - ring of protection from fire
MPRegen 0.13/turn                F - ring of willpower

@: confused, ambrosia-drunk, corroded, drained
A: slimy green scales 2, powered by pain 1, demonic magic 1, demonic touch 1,
mutation resistance 1
a: Renounce Religion, Heroism, Finesse


You were on level 8 of the Dungeon.
You worshipped Okawaru.
Okawaru was greatly pleased with you.
You visited 2 branches of the dungeon, and saw 9 of its levels.
You also visited: Sewer and Bailey.

You collected 470 gold pieces.
You spent 363 gold pieces at shops.

Inventory:

Hand Weapons
 a - a +0 rapier of flaming
 k - a +2 rapier of venom (weapon)
 y - a +2 dagger of speed
Missiles
 d - 3 throwing nets
 e - a javelin
 g - a curare-tipped dart
 o - 18 poisoned darts (quivered)
 R - 3 boomerangs
Armour
 b - a +2 buckler
 j - +7 gold dragon scales (worn)
 r - a +0 helmet
 M - the +0 chain mail of the Game of Life {*Slow rF++ rC+ Str+3}
   (You bought it in a shop on level 6 of the Dungeon)

   Str:       It affects your strength (+3).
   rF:        It greatly protects you from fire.
   rC:        It protects you from cold.
   *Slow:     It may slow you when you take damage.
 P - a +0 pair of boots (worn)
 Q - the +0 hat of Uskayaw's Reproof (worn) {rCorr Dex+2}
   (You acquired it in a bailey)

   Dex:       It affects your dexterity (+2).
   rCorr:     It protects you from acid and corrosion.
Jewellery
 i - a ring of protection from fire (left hand)
 m - an amulet of faith (around neck)
 n - a ring of ice
 E - a ring of protection from cold
 F - a ring of willpower (right hand)
Wands
 D - a wand of mindburst (10)
Scrolls
 c - a scroll of teleportation
 h - a scroll of brand weapon
 q - 2 scrolls of magic mapping
 s - 2 scrolls of amnesia
 v - 4 scrolls of fear
 C - a scroll of immolation
 J - 2 scrolls of blinking
 L - a scroll of torment {unknown}
 N - a scroll of poison {unknown}
 O - a scroll of vulnerability {unknown}
Potions
 f - a potion of brilliance
 l - 3 potions of magic
 t - 6 potions of curing
 u - a potion of heal wounds
 w - a potion of berserk rage
 x - 3 potions of flight
 z - 2 potions of haste
 A - a potion of mutation
 B - a potion of attraction
 G - a potion of cancellation
 H - a potion of invisibility {unknown}
 I - a potion of resistance {unknown}
 K - a potion of lignification {unknown}


   Skills:
 - Level 2.0 Fighting
 + Level 10.5 Short Blades
 - Level 1.7 Throwing
 - Level 2.6 Dodging
 + Level 11.0 Stealth
 * Level 4.4 Invocations


You had 9 spell levels left.
You didn't know any spells.
Your spell library contained the following spells:

 Spells                   Type           Power      Damage    Failure   Level
 Apportation              Tloc           0%         N/A       100%        1
 Necrotise                Necr           0%         1d4       100%        1
 Dazzling Flash           Conj/Hex       0%         N/A       100%        3
 Gell's Gravitas          Tloc           0%         N/A       100%        3
 Portal Projectile        Hex/Tloc       0%         N/A       100%        3
 Teleport Other           Tloc           0%         N/A       100%        3
 Leda's Liquefaction      Hex/Erth       0%         N/A       100%        4
 Agony                    Necr           0%         N/A       100%        5
 Silence                  Hex/Air        0%         N/A       100%        5
 Dispersal                Tloc           0%         N/A       100%        6
 Summon Small Mammal      Summ           Unusable   N/A       N/A         1
 Call Canine Familiar     Summ           Unusable   N/A       N/A         3

Dungeon Overview and Level Annotations

Branches:
Dungeon (8/15)             Temple (1/1) D:4            Lair (0/5) D:8
  Sewer (visited)          Bailey (visited)

Altars:
Ashenzari
Cheibriados
Dithmenos
Fedhas
Gozag
Hepliaklqana
Kikubaaqudgha
Makhleb
Nemelex Xobeh
Okawaru
Qazlal
Ru
Sif Muna
Uskayaw
Vehumet
Wu Jian
Xom
Yredelemnul
Jiyva

Shops:
D:4 *   D:6 [   D:7 ?


Innate Abilities, Weirdness & Mutations

You are mostly covered in slimy green scales. (AC +3)
You sometimes gain a little power by taking damage.
Spells you cast may paralyse adjacent enemies.
Your touch may inflict minor irresistible damage on your foes.
You are somewhat resistant to further mutation.


Message History

You hit the necrophage but do no damage.
The necrophage hits you but does no damage.
You hit the necrophage.
The necrophage is lightly damaged.
The necrophage hits you.
You feel drained. The wyvern bites you!
You hit the necrophage.
You touch the necrophage!
The necrophage is heavily damaged.
The wyvern bites you.
The necrophage hits you but does no damage.
You closely miss the necrophage.
You touch the necrophage!
The necrophage is almost destroyed.
The wyvern bites you!
* * * LOW HITPOINT WARNING * * *
You hit the necrophage. Your touch misses the necrophage.
The necrophage is almost destroyed.
The necrophage hits you but does no damage.
The wyvern bites you!
* * * LOW HITPOINT WARNING * * *
You are confused.
You feel invigorated.
The wyvern bites you but does no damage.
The necrophage hits you but does no damage.
You bump into the rock wall.
The wyvern completely misses you.
The necrophage hits you but does no damage.
The wyvern bites you but does no damage.
Okay, then.
You bump into the rock wall.
The wyvern bites you!
* * * LOW HITPOINT WARNING * * *
The necrophage hits you but does no damage.
You hit the necrophage but do no damage.
The necrophage is almost destroyed.
The wyvern bites you but does no damage.
The necrophage hits you.
* * * LOW HITPOINT WARNING * * *
You feel drained.
* * * LOW HITPOINT WARNING * * *
You closely miss the necrophage. Your touch misses the necrophage.
The necrophage is almost destroyed.
The wyvern bites you!
You die...

)..# #.....## *,**#.##>.#..<.#
)..###......# *.# #.......####
##.....###..# ####.###.##..###
###.### #..# #......,,##..######
#.# #..# #.....#**#........#
####.# #..###.._..# #.######.#
.....# #..#.......# #.* #.#
.##### #....#.ln..# #.* #.# .#
##.#.#.@#*** #,* #.# .#
#.#.##.#******,* #.# .#
#.#.##.#*,,,**,* #.# .#
##.#.##.#.#**,*,* #.# .##
#..>.....#* **,.######.# ..######
#...###..# *,.........
.......###...###..#* **,###......
#.####...........#.#**,,........#
#....................,,,#########


You could see a wyvern and a necrophage.

Vanquished Creatures
  2 orc knights (Bailey)
  An orc sorcerer (Bailey)
  A kobold demonologist (Bailey)
  Grinder (D:4)
  Sigmund (D:4)
  A wyvern (D:6)
  Edmund (D:5)
  A water moccasin (D:5)
  11 orc warriors
  A sky beast (D:6)
  A black bear (D:5)
  2 centaurs
  An ogre (D:5)
  2 kobold brigands (D:7)
  A phantom (D:6)
  A necrophage (D:7)
  3 bullfrogs
  A gnoll sergeant (D:7)
  A scorpion (D:5)
  5 wights (D:8)
  5 electric eels (Bailey)
  A howler monkey (D:7)
  2 hounds
  A gnoll bouda (D:5)
  7 jellies
  2 orc priests
  3 iguanas
  Natasha (thrice) (D:4)
  8 orc wizards
  13 adders
  11 gnolls
  4 river rats (Sewer)
  3 white imps
  An ufetubus (D:4)
  6 worms
  2 dart slugs
  28 orcs
  4 bats
  7 endoplasms
  8 giant cockroaches
  18 goblins
  9 hobgoblins
  4 jackals (D:4)
  3 quokkas
  11 ball pythons
  7 frilled lizards
  19 kobolds
  34 rats
263 creatures vanquished.

Notes
Turn   | Place    | Note
-------+----------+-------------------------------------------
     0 | D:1      | IdlyInterested the Demonspawn Gladiator began the quest for
                  | the Orb.
     0 | D:1      | Reached XP level 1. HP: 16/16 MP: 1/1
   433 | D:1      | Reached skill level 1 in Stealth
   486 | D:1      | Gained mutation: You are partially covered in slimy green
                  | scales. (AC +2) [demonic ancestry]
   486 | D:1      | Reached XP level 2. HP: 21/22 MP: 2/2
  1589 | D:2      | Gained mutation: You sometimes gain a little power by
                  | taking damage. [demonic ancestry]
  1589 | D:2      | Reached XP level 3. HP: 27/27 MP: 3/3
  1763 | D:2      | Reached skill level 2 in Stealth
  2470 | D:3      | Found a broken altar of Ashenzari.
  2891 | D:3      | Reached XP level 4. HP: 33/33 MP: 4/4
  3097 | D:3      | Reached skill level 3 in Stealth
  3509 | D:4      | Noticed Natasha
  3515 | D:4      | Killed Natasha
  3516 | D:4      | Reached XP level 5. HP: 31/38 MP: 5/5
  3530 | D:4      | Noticed Sigmund
  3552 | D:4      | Killed Sigmund
  3553 | D:4      | Reached skill level 4 in Stealth
  3553 | D:4      | Gained mutation: Your touch may inflict minor irresistible
                  | damage on your foes. [demonic ancestry]
  3553 | D:4      | Reached XP level 6. HP: 24/44 MP: 6/6
  3733 | D:4      | Reached skill level 5 in Short Blades
  3736 | D:4      | Noticed Natasha
  3743 | D:4      | Killed Natasha
  3785 | D:4      | Found Kagexih's CLEARANCE SALE!.
  3837 | D:4      | Bought a potion of curing for 12 gold pieces
  3837 | D:4      | Bought a scroll of fear for 16 gold pieces
  3932 | D:4      | Noticed Natasha
  3936 | D:4      | Killed Natasha
  4041 | D:4      | Noticed Grinder
  4058 | D:4      | Killed Grinder
  4059 | D:4      | Reached skill level 5 in Stealth
  4059 | D:4      | Gained mutation: Spells you cast may paralyse adjacent
                  | enemies. [demonic ancestry]
  4059 | D:4      | Reached XP level 7. HP: 24/50 MP: 7/7
  4250 | D:4      | Found a staircase to the Ecumenical Temple.
  4270 | Temple   | Entered the Ecumenical Temple
  4270 | Temple   | Found a transporter.
  4270 | Temple   | Found a transporter.
  4272 | Temple   | Found a transporter.
  4272 | Temple   | Found a transporter.
  4346 | Temple   | Became a worshipper of Warmaster Okawaru
  4580 | D:4      | Found a radiant altar of Vehumet.
  4780 | D:5      | Entered Level 5 of the Dungeon
  4833 | D:5      | Noticed Edmund
  4845 | D:5      | Killed Edmund
  4846 | D:5      | Reached skill level 6 in Stealth
  4846 | D:5      | Found a shimmering blue altar of Sif Muna.
  5183 | D:5      | Gained mutation: You are mostly covered in slimy green
                  | scales. (AC +3) [demonic ancestry]
  5183 | D:5      | Reached XP level 8. HP: 45/56 MP: 8/8
  5565 | D:5      | Reached skill level 7 in Stealth
  6013 | D:6      | Reached * piety under Okawaru
  6063 | D:6      | Found a glowing drain.
  6079 | Sewer    | Entered a sewer
  6231 | Sewer    | Reached skill level 1 in Invocations
  6761 | D:6      | Gained mutation: You are somewhat resistant to further
                  | mutation. [potion of mutation]
  6881 | D:6      | Found Dufe's Antique Armour Shop.
  7102 | D:6      | Reached skill level 8 in Stealth
  7102 | D:6      | Reached XP level 9. HP: 61/61 MP: 11/11
  7406 | D:6      | Bought a smoking chain mail for 237 gold pieces
  7406 | D:6      | Identified the +0 chain mail of the Game of Life {*Slow
                  | rF++ rC+ Str+3} (You bought it in a shop on level 6 of the
                  | Dungeon)
  7720 | D:7      | Reached ** piety under Okawaru
  8161 | D:7      | Found Etriexes's Magic Scroll Shoppe.
  8667 | D:7      | Bought a scroll of teleportation for 42 gold pieces
  8667 | D:7      | Bought a scroll of amnesia for 56 gold pieces
  8754 | D:8      | Found a flagged portal.
  8769 | Bailey   | Entered a bailey
  8805 | Bailey   | Reached skill level 9 in Stealth
  9261 | Bailey   | Noticed an orc knight
  9278 | Bailey   | Killed an orc knight
  9278 | Bailey   | Reached *** piety under Okawaru
  9707 | Bailey   | Reached skill level 10 in Stealth
  9707 | Bailey   | Reached XP level 10. HP: 52/67 MP: 12/12
  9904 | Bailey   | Acquired the +0 hat of Uskayaw's Reproof {rCorr Dex+2}
  9969 | Bailey   | Noticed an orc sorcerer
  9982 | Bailey   | Killed an orc sorcerer
 10174 | Bailey   | Found an iron altar of Okawaru.
 10174 | Bailey   | Noticed an orc knight
 10194 | Bailey   | Killed an orc knight
 10195 | Bailey   | Reached skill level 10 in Short Blades
 10196 | Bailey   | Reached **** piety under Okawaru
 11145 | D:8      | Found a viscous altar of Jiyva.
 11158 | D:8      | Reached skill level 11 in Stealth
 11174 | D:8      | Slain by a wyvern

Illustrated notes

Levels and vault maps discovered:
D:1:      dpeg_arrival_simpleton_c, layout_basic
D:2:      layout_basic, mrwooster_statue_mirror, hangedman_abyss_or_decor_stabs
D:3:      layout_loops_ring, nicolae_ashenzari_skybound
D:4:      layout_basic, mainiacjoe_overflow_alcove_1,
          minmay_temple_entry_statues, nicolae_shop_clearance, uniq_grinder,
          uniq_natasha, uniq_sigmund
D:5:      layout_rooms, mainiacjoe_overflow_chevrons, uniq_edmund
D:6:      layout_layer_cave, portal_sewer_entry_f, serial_shops, shop,
          minmay_misc_feat_hallway
D:7:      layout_rooms, mainiacjoe_overflow_tiny_flanked, serial_shops,
          nicolae_shop_trees, serial_curves, eino_curves_01, eino_curves_02,
          dreamdust_princess_bridge
D:8:      layout_loops_ring, lair_entry_dummy, enter_bailey_3, jiyva_altar_1
Temple:   hellmonk_temple_divided_pantheon

Skill      XL: |  1  2  3  4  5  6  7  8  9 10 |
---------------+-------------------------------+-----
Stealth        | 1 2 3 4 5 6 8 10 11 | 11.0
Short Blades   | 3 4 5 6 7 9 10 | 10.5
Invocations    | 3 4 |  4.4
Fighting       | |  2.0
Throwing       | |  1.7
Dodging        | |  2.6

Action                   |  1- 3 |  4- 6 |  7- 9 | 10-12 || total
-------------------------+-------+-------+-------+-------++-------
Melee: Rapier            |   177 |    80 |   444 |   125 ||   826
       Punch             |     1 |     1 |     8 |     3 ||    13
       Touch             |       |    12 |    81 |    23 ||   116
Throw: Dart              |       |       |     4 |     1 ||     5
       Throwing net      |       |       |     1 |     4 ||     5
Invok: Heroism           |       |       |     2 |     2 ||     4
Evoke: Wand              |       |       |     1 |       ||     1
  Use: Scroll            |     5 |     1 |    13 |     9 ||    28
       Potion            |       |     1 |     4 |     3 ||     8
 Stab: Held in net/web   |       |       |     2 |       ||     2
Armor: Chain mail        |   101 |    44 |   299 |     4 ||   448
       Scale mail        |     4 |       |       |       ||     4
       Gold dragon scale |       |       |       |    65 ||    65
Dodge: Dodged            |    55 |    19 |   161 |     8 ||   243

Table legend: (Time is in decaauts)
 A = Elapsed time spent in this place.
 B = Non-inter-level travel time spent in this place.
 C = Inter-level travel time spent in this place.
 D = Time resting spent in this place.
 E = Time spent auto-exploring this place.
 F = Levels seen in this place.
 G = Mean time per level.
                   A        B        C        D        E       F      G
               +--------+--------+--------+--------+--------+-----+--------+
         Total |  11152 |  10146 |   1006 |   2351 |   4743 |  11 | 1013.8 |
       Dungeon |   8760 |   7754 |   1006 |   1267 |   4493 |   8 | 1095.0 |
        Temple |     96 |     96 |      0 |      0 |      0 |   1 |   96.0 |
         Sewer |    606 |    606 |      0 |     55 |    198 |   1 |  606.0 |
        Bailey |   1688 |   1688 |      0 |   1029 |     51 |   1 | 1688.0 |
               +--------+--------+--------+--------+--------+-----+--------+

Top non-repeatable levels by time:
  Bailey: 1688 daAuts
     D:4: 1439 daAuts
     D:1: 1293 daAuts
     D:2: 1164 daAuts
     D:7: 1152 daAuts
     D:3: 1066 daAuts
     D:6: 955 daAuts
     D:5: 949 daAuts
     D:8: 739 daAuts
   Sewer: 606 daAuts
  Temple: 96 daAuts
